AoeStats
← metanoid

Arabia

510633996Analyzed
3v3 RM · 2d ago on Oct 1, 2026· 41m 28s· 6 players
Game mode
Random Map
Map size
Normal (6 player)
Population
200
Speed
Normal
Resources
Standard
Victory
Conquest
Starting age
Dark Age
Ending age
Imperial Age
RankedLock teamsTeams togetherTeam positionsShared explorationLock speedFull tech treeHidden civsTurbo modeCheats
Victory
Defeat
🇬🇧 Huns · United Kingdom
899
+15
🇦🇷 Franks · Argentina
897
+39
🇦🇷 Byzantines · Argentina
848
+17
🇵🇹 Spanish · Portugal
1057
-24
🇵🇹 Vietnamese · Portugal
811
-21
🇵🇹 Persians · Portugal
741
-10
SLUG
10:50 Loom
13:54 Feudal Age
16:45 Wheelbarrow
18:43 Castle Age
18:04 Double-Bit Axe
23:25 Bow Saw
23:45 Stone Mining
27:09 Town Watch
28:51 Gold Mining
31:00 Kamandaran
paraglider_4
11:21 Feudal Age
13:13 Loom
19:17 Horse Collar
21:25 Wheelbarrow
21:57 Double-Bit Axe
22:32 Stone Mining
27:18 Castle Age
Woland
4:20 Loom
11:05 Feudal Age
12:32 Double-Bit Axe
17:56 Horse Collar
24:24 Castle Age
23:01 Wheelbarrow
23:35 Stone Mining
25:37 Bow Saw
28:07 Fletching
28:18 Gold Mining
28:16 Town Watch
33:59 Padded Archer Armor
39:39 Imperial Age
Juancho Talarga
6:05 Loom
9:09 Feudal Age
10:02 Double-Bit Axe
20:57 Castle Age
18:58 Gold Mining
20:43 Scale Barding Armor
20:48 Forging
21:49 Stone Mining
21:42 Horse Collar
25:49 Bloodlines
28:30 Chain Barding Armor
30:38 Iron Casting
30:34 Heavy Plow
40:41 Husbandry
metanoid
10:40 Feudal Age
14:48 Loom
24:56 Double-Bit Axe
29:13 Castle Age
27:56 Scale Barding Armor
30:28 Chain Barding Armor
30:42 Bow Saw
JMA
9:33 Loom
11:39 Feudal Age
12:43 Double-Bit Axe
14:00 Gold Mining
16:14 Horse Collar
23:57 Castle Age
22:12 Fletching
23:10 Stone Mining
25:18 Bow Saw
27:02 Padded Archer Armor
27:12 Scale Mail Armor
29:48 Heavy Plow
34:29 Imperial Age
33:25 Elite Skirmisher
35:41 Conscription
36:30 Chemistry
36:59 Bodkin Arrow
38:33 Pikeman
40:38 Ballistics
Connection lost

Rejoining the realm…

Still unreachable

The connection could not be restored.

Session expired

The server has moved on; the page needs a fresh start.